 Dungeon Crawl Stone Soup version 0.31-a0-232-gb1c03b2570 (webtiles) character file.

Game seed: 4692493616835642263

56 qw the Shooter (level 3, 0/29 HPs)
             Began as a Minotaur Hexslinger on July 7, 2023.
             Slain by a goblin
             ... wielding a +0 club
             ... led by Robin
              (6 damage)
             ... on level 2 of the Dungeon.
             The game lasted 00:00:27 (1032 turns).

qw the Shooter (Minotaur Hexslinger)                Turns: 1032, Time: 00:00:27

Health: 0/29       AC:  5    Str: 12    XL:     3   Next: 69%
Magic:  3/3        EV: 11    Int: 10    God:
Gold:   43         SH:  5    Dex: 14    Spells: 3/4 levels left

rFire   + . .        Y - +2 sling
rCold   . . .        (no shield)
rNeg    . . .        i - +0 ring mail
rPois   .            (helmet restricted)
rElec   .            (no cloak)
rCorr   .            (no gloves)
SInv    .            (no boots)
Will    .....        l - amulet of reflection
Stlth   +            e - ring of protection from fire
HPRegen 0.24/turn    (no ring)
MPRegen 0.08/turn

%: reflection
@: no status effects
A: horns 2, retaliatory headbutt
a: no special abilities


You were on level 2 of the Dungeon.
You visited 1 branch of the dungeon, and saw 3 of its levels.

You collected 43 gold pieces.


Innate Abilities, Weirdness & Mutations

You have a pair of horns on your head.
You reflexively headbutt those who attack you in melee.


   Skills:
 - Level 2.0 Fighting
 + Level 4.0 Ranged Weapons
 - Level 1.1 Armour
 - Level 2.1 Dodging
 - Level 1.0 Spellcasting
 - Level 2.0 Hexes


You had 3 spell levels left.
You knew the following spells:

 Your Spells              Type           Power      Damage    Failure   Level
a - Slow                  Hex            16%        N/A       34%         1

Your spell library contained the following spells:

 Spells                   Type           Power      Damage    Failure   Level
 Inner Flame              Hex/Fire       2%         N/A       83%         3
 Portal Projectile        Hex/Tloc       4%         N/A       83%         3
 Cause Fear               Hex            2%         N/A       98%         4

Inventory:

Hand Weapons
 Y - a +2 sling (weapon)
Armour
 i - a +0 ring mail (worn)
Jewellery
 e - a ring of protection from fire (left hand)
 l - an amulet of reflection (around neck)
Scrolls
 a - a scroll of identify
Potions
 g - a potion of resistance
 j - a potion of cancellation {unknown}
 k - a potion of ambrosia {unknown}

Dungeon Overview and Level Annotations

Branches:
Dungeon (3/15)

Altars:

Shops:
D:1 ?

Annotations:
D:1 2 transporters
D:3 Robin


Message History

A hobgoblin comes into view.
The goblin hits you but does no damage.
You shoot a sling bullet. The hobgoblin shouts!
The sling bullet hits the goblin.
The goblin is severely wounded.
Robin throws the goblin at you!
A hobgoblin comes into view.
A goblin comes into view. It is wielding a +0 club.
The goblin hits you but does no damage. The goblin hits you with a +0 club.
You block the goblin's attack. The goblin hits you but does no damage.
The goblin closely misses you. The goblin hits you with a +0 club.
The hobgoblin moves out of view.
The goblin moves out of view.
1028 ||| STAIRDANCE The goblin hits you with a +0 dagger.
The goblin hits you with a +0 club. x2
You climb upwards.
There is a stone staircase leading down here.
Enter note:
Enter note:
Enter note:
Enter note:
Enter note:
Enter note:
Enter note:
Enter note:
Enter note: You shoot a sling bullet.
The sling bullet closely misses the goblin.
You block the goblin's attack. The goblin hits you with a +0 club.
You block the goblin's attack.
You shoot a sling bullet.
The sling bullet barely misses the goblin.
You block the goblin's attack. The goblin hits you with a +0 club.
The goblin closely misses you.
You shoot a sling bullet.
The sling bullet barely misses the goblin.
The goblin barely misses you. The goblin hits you with a +0 club.
The goblin misses you. The goblin barely misses you.
The goblin hits you with a +0 club.
You die...

##....# #..#### #.##
#.########
######.#......#
######...#..#......# ##
#..........##......####.
#.....g...###...........
#......@g...............
#.....g..#########.#....
#........# ######'#####
#........# #...........
#........####........#..
#.......................
#........####........##.
#........# #........##.
#############.(......##.


You could see 3 goblins.

Vanquished Creatures
  2 adders (D:2)
  A dart slug (D:2)
  3 ball pythons
  4 bats (D:1)
  An endoplasm (D:1)
  2 giant cockroaches (D:1)
  4 goblins
  2 hobgoblins
  3 kobolds (D:2)
  4 quokkas
  3 frilled lizards (D:2)
  5 rats (D:1)
34 creatures vanquished.

Notes
Turn   | Place    | Note
-------+----------+-------------------------------------------
     0 | D:1      | qw the Minotaur Hexslinger began the quest for the Orb.
     0 | D:1      | Reached XP level 1. HP: 16/16 MP: 1/1
     0 | D:1      | 0 ||| qw: Version: 0.3-a-46-gb1f654a
     0 | D:1      | 0 ||| qw: Game counter: 2949
     0 | D:1      | 0 ||| qw: Melee chars always use a shield: true
     0 | D:1      | 0 ||| qw: God list: Okawaru
     0 | D:1      | 0 ||| qw: Allow faded altars: false
     0 | D:1      | 0 ||| qw: Do Orc after clearing Dungeon:15 true
     0 | D:1      | 0 ||| qw: Do second Lair branch before Depths: true
     0 | D:1      | 0 ||| qw: Lair rune preference: random
     0 | D:1      | 0 ||| qw: Goals: Normal
     0 | D:1      | 0 ||| PLANNING D:1-11
    90 | D:1      | Reached skill level 3 in Ranged Weapons
    90 | D:1      | Reached XP level 2. HP: 23/23 MP: 2/2
   137 | D:1      | 137 ||| Stepping ~*~*~tactically~*~*~ (water).
   159 | D:1      | 159 ||| Stepping ~*~*~tactically~*~*~ (water).
   219 | D:1      | Found a transporter.
   221 | D:1      | Found Zied's Magic Scroll Emporium.
   242 | D:1      | Found a transporter.
   310 | D:1      | Found a faded altar of an unknown god.
   519 | D:1      | 519 ||| UPGRADING to +0 ring mail.
   529 | D:1      | 529 ||| DROPPING +0 robe.
   530 | D:1      | 530 ||| UPGRADING to amulet of reflection.
   535 | D:1      | 535 ||| UPGRADING to ring of protection from fire.
   536 | D:1      | 536 ||| READING scroll labelled GUECRU RYLICAPP.
   537 | D:1      | 537 ||| READING scroll labelled CUDGHE RAORACO.
   538 | D:1      | 538 ||| READING scroll labelled IQUNUQERCHI.
   539 | D:1      | 539 ||| DROPPING scroll of poison.
   669 | D:2      | Reached XP level 3. HP: 29/29 MP: 3/3
   748 | D:2      | Reached skill level 4 in Ranged Weapons
   762 | D:2      | Reached skill level 1 in Armour
   988 | D:2      | 988 ||| READING 2 scrolls labelled NOMOTICITZ.
   989 | D:2      | 989 ||| READING scroll labelled DUASIRUFFA.
  1023 | D:3      | Noticed Robin
  1028 | D:3      | 1028 ||| STAIRDANCE
  1032 | D:2      | HP: 6/29 [goblin/+0 club[Robin] (2)]
  1032 | D:2      | Slain by a goblin

Levels and vault maps discovered:
D:1:      dpeg_arrival_tiny_i, layout_rooms, shapermc_ecumenical_altar_venn,
          serial_shops, nicolae_shop_drivethru, kennysheep_boxes
D:2:      layout_basic
D:3:      layout_loops_ring, serial_shops, shop, uniq_robin, uniq_natasha

Skill      XL: |  1  2  3 |
---------------+----------+-----
Ranged Weapons | 3 4 |  4.0
Fighting       | 2 |  2.0
Armour         | 1 |  1.1
Dodging        | |  2.1
Spellcasting   | |  1.0
Hexes          | |  2.0

Action                     || total
---------------------------++-------
   Fire: Sling             ||    84
    Use: Scroll            ||     5
 Armour: Robe              ||     3
         Ring mail         ||     6
  Dodge: Dodged            ||    16
  Block: Other             ||     6

Table legend:
 A = Non-vault XP
 B = Vault XP
 C = Vault XP percentage of total XP
 D = Non-vault monster count
 E = Vault monster count
 F = Vault count percentage of total count
                 A         B        C        D         E       F
            +---------+---------+-------+---------+---------+-------
      Total |      78 |       2 |   2.5 |      33 |       1 |   2.9
            +---------+---------+-------+---------+---------+-------
        D:1 |      29 |       0 |   0.0 |      17 |       0 |   0.0
        D:2 |      49 |       0 |   0.0 |      16 |       0 |   0.0
        D:3 |       0 |       2 | 100.0 |       0 |       1 | 100.0
            +---------+---------+-------+---------+---------+-------
